 Dungeon Crawl Stone Soup version 0.28.0-43-g3370ac3207 (webtiles) character file.

Game seed: 9325733701495335758

374278 mortz the Slayer (level 22, -11/205 (226) HPs)
             Began as a Hill Orc Fighter on Mar 7, 2022.
             Was the Champion of Makhleb.
             Killed from afar by a deep elf sorcerer (33 damage)
             ... with a bolt of acid
             ... on level 3 of the Elven Halls on Mar 14, 2022.
             The game lasted 08:39:30 (53073 turns).

mortz the Slayer (Hill Orc Fighter)                Turns: 53073, Time: 08:39:30

HP:   -11/205 (226) AC: 38    Str: 27    XL:     22   Next: 74%
MP:   0/32          EV: 10    Int:  8    God:    Makhleb [******]
Gold: 2319          SH:  0    Dex: 18    Spells: 21/21 levels left

rFire   + + +      SeeInvis .   L - +9 scimitar (vamp) {long}
rCold   + + .      Faith    .   g - orb {light}
rNeg    . . .      Spirit   .   j - +9 scales of the Dragon King {rPois rF+ rC+ Will+}
rPois   +          Reflect  .   e - +0 helmet of the Sky {Fly Dex+2}
rElec   .          Harm     .   q - scarf {rC+ rF+}
rCorr   .                       Rampage โˆž
                                b - +2 pair of gloves {infuse}
Will    +++..                   D - +3 pair of seven-league boots {Rampage+โˆž}
Stlth   ..........              U - amulet of regeneration {@e2}
HPRegen 0.00/turn               H - ring of Darkness {rF+ Will+ Str+3}
MPRegen 0.23/turn               X - +4 ring of slaying

@: mighty, flying, inhibited regen, hasted, glowing, drained, unable to read,
very quick
A: deformed body, inhibited regeneration, inability to read while threatened
}: 2/15 runes: serpentine, barnacled
a: Renounce Religion, Minor Destruction, Lesser Servant of Makhleb, Major
Destruction, Greater Servant of Makhleb


You were on level 3 of the Elven Halls.
You worshipped Makhleb.
Makhleb was exalted by your worship.
You visited 8 branches of the dungeon, and saw 38 of its levels.
You visited 1 bazaar.
You also visited: Sewer and Ossuary.

You collected 6090 gold pieces.
You spent 3771 gold pieces at shops.


Innate Abilities, Weirdness & Mutations

Armour fits poorly on your strangely shaped body.
You do not regenerate when monsters are visible.
You sometimes lose the ability to read scrolls when taking damage.


   Skills:
 + Level 25.3 Fighting
 - Level 14.8 Long Blades
 - Level 11.1(17.8) Axes
 - Level 11.9(13.2) Maces & Flails
 - Level 14.9(15.9) Polearms
 - Level 2.9 Throwing
 + Level 22.9 Armour
 + Level 5.1 Dodging
 + Level 4.2 Stealth
 + Level 6.8 Shields
 * Level 14.5 Invocations


You had 21 spell levels left.
You didn't know any spells.
Your spell library contained the following spells:

 Spells                   Type           Power      Damage    Failure   Level
 Animate Skeleton         Necr           0%         N/A       99%         1
 Apportation              Tloc           0%         N/A       99%         1
 Freeze                   Ice            0%         1d3       99%         1
 Summon Small Mammal      Summ           0%         N/A       99%         1
 Blink                    Tloc           0%         N/A       99%         2
 Corpse Rot               Necr/Air       0%         N/A       99%         2
 Ensorcelled Hibernation  Hex/Ice        0%         N/A       99%         2
 Passwall                 Tmut/Erth      0%         N/A       99%         2
 Sublimation of Blood     Necr           0%         N/A       99%         2
 Wereblood                Tmut           0%         N/A       99%         2
 Call Canine Familiar     Summ           0%         N/A       100%        3
 Conjure Flame            Conj/Fire      0%         6-21      100%        3
 Dazzling Flash           Conj/Hex       0%         N/A       100%        3
 Frozen Ramparts          Ice            0%         1d2       100%        3
 Inner Flame              Hex/Fire       0%         N/A       100%        3
 Summon Guardian Golem    Hex/Summ       0%         N/A       100%        3
 Swiftness                Air            0%         N/A       100%        3
 Tukima's Dance           Hex            0%         N/A       100%        3
 Dispel Undead            Necr           0%         3d6       100%        4
 Flame Wave               Conj/Fire      0%         2d4       100%        4
 Hailstorm                Conj/Ice       0%         3d3       100%        4
 Ice Form                 Ice/Tmut       0%         N/A       100%        4
 Leda's Liquefaction      Hex/Erth       0%         N/A       100%        4
 Passage of Golubria      Tloc           0%         N/A       100%        4
 Petrify                  Tmut/Erth      0%         N/A       100%        4
 Blade Hands              Tmut           0%         N/A       100%        5
 Fireball                 Conj/Fire      0%         3d3       100%        5
 Irradiate                Conj/Tmut      0%         3d13      100%        5
 Iskenderun's Battlesphe  Conj           0%         2d6       100%        5
 Lee's Rapid Deconstruct  Erth           0%         3d5*      100%        5
 Manifold Assault         Tloc           0%         N/A       100%        5
 Silence                  Hex/Air        0%         N/A       100%        5
 Yara's Violent Unravell  Hex/Tmut       0%         3d3       100%        5
 Conjure Ball Lightning   Conj/Air       0%         3x3d6     100%        6
 Death Channel            Necr           0%         N/A       100%        6
 Simulacrum               Ice/Necr       0%         N/A       100%        6
 Statue Form              Tmut/Erth      0%         N/A       100%        6
 Dragon Form              Tmut           0%         N/A       100%        7
 Haunt                    Necr/Summ      0%         N/A       100%        7
 Orb of Destruction       Conj           0%         9d5       100%        7
 Storm Form               Tmut/Air       0%         N/A       100%        7
 Summon Hydra             Summ           0%         N/A       100%        7
 Lehudib's Crystal Spear  Conj/Erth      0%         10d2      100%        8
 Summon Horrible Things   Summ           0%         N/A       100%        8

Inventory:

Hand Weapons
 m - the +7 flail of Forgiveness {vamp, Contam rPois rF++, mace}
   (You found it on level 2 of the Vaults)

   It occasionally heals its wielder for a portion of the damage dealt when it
   wounds a living foe.
   rF:        It greatly protects you from fire.
   rPois:     It protects you from poison.
   Contam:    It causes magical contamination when unequipped.
 s - the +10 spear "Tattletale" {vamp, Int+3, polearm}
   (You found it on level 5 of the Lair of Beasts)

   It occasionally heals its wielder for a portion of the damage dealt when it
   wounds a living foe.
   Int:       It affects your intelligence (+3).
 J - a +1 double sword of flaming {longrare=g}
   (You took it off Donald on level 1 of the Shoals)
 L - a +9 vampiric scimitar (weapon) {long}
   (You took it off a wight on level 6 of the Dungeon)
 O - a +1 triple sword of holy wrath {longrare=g}
   (You subdued it on level 2 of the Elven Halls)
 W - a +4 double sword of freezing {longrare=g}
   (You took it off Urug on level 3 of the Lair of Beasts)
Missiles
 l - 45 poisoned darts (quivered) {throwing}
Armour
 b - a +2 pair of gloves of infusion (worn)
   (You bought it in a shop on level 2 of the Snake Pit)
 e - the +0 helmet of the Sky (worn) {Fly Dex+2}
   (You acquired it on level 8 of the Dungeon)

   Dex:       It affects your dexterity (+2).
   Fly:       It grants you flight.
 g - an orb of light (worn)
   (You found it on level 6 of the Lair of Beasts)
 i - +1 shadow dragon scales {rare}
   (You took it off Margery on level 3 of the Vaults)
 j - the +9 scales of the Dragon King (worn) {rPois rF+ rC+ Will+}
   (You bought it in a shop on level 3 of the Dungeon)

   rF:        It protects you from fire.
   rC:        It protects you from cold.
   rPois:     It protects you from poison.
   Will:      It increases your willpower.
 q - a scarf of resistance (worn)
   (You found it on level 3 of the Vaults)
 D - the +3 pair of seven-league boots (worn) {Rampage+โˆž}
   (You found it on level 14 of the Dungeon)

   Its wearer moves as far as possible in that direction when moving towards
   enemies.
Jewellery
 f - a ring of willpower
   (You found it on level 3 of the Vaults)
 o - a +6 ring of strength
   (You found it on level 3 of the Dungeon)
 r - a +6 ring of strength
   (You found it on level 5 of the Dungeon)
 A - a +6 ring of intelligence
   (You found it on level 3 of the Lair of Beasts)
 H - the ring of Darkness (left hand) {rF+ Will+ Str+3}
   (You bought it in a shop on level 2 of the Orcish Mines)

   [ring of willpower]

   Str:       It affects your strength (+3).
   rF:        It protects you from fire.
   Will:      It increases your willpower.
 M - the amulet of Goegau {Faith Str+3 Int+4 Stlth+}
   (You found it on level 3 of the Elven Halls)

   [amulet of faith]

   It allows you to gain divine favour quickly.
   Str:       It affects your strength (+3).
   Int:       It affects your intelligence (+4).
   Stlth:     It makes you more stealthy.
 T - a +6 ring of dexterity
   (You found it on level 6 of the Lair of Beasts)
 U - an amulet of regeneration (around neck) {@e2}
   (You found it in an ossuary)
 X - a +4 ring of slaying (right hand)
   (You found it on level 8 of the Dungeon)
Wands
 B - a wand of polymorph (5)
   (You found it on level 3 of the Shoals)
 C - a wand of iceblast (4)
   (You found it on level 9 of the Dungeon)
 Q - a wand of digging (2)
   (You found it on level 5 of the Lair of Beasts)
 R - a wand of paralysis (7)
   (You found it on level 2 of the Vaults)
 Y - a wand of acid (4)
   (You found it on level 1 of the Shoals)
 Z - a wand of flame (39)
   (You found it on level 8 of the Dungeon)
Scrolls
 a - a scroll of fear
 c - 4 scrolls of magic mapping {!r}
 k - 13 scrolls of teleportation {@r4}
 t - 6 scrolls of blinking {!r}
 z - 16 scrolls of identify {@r1}
 G - 6 scrolls of fog
 I - 4 scrolls of summoning
 K - a scroll of torment {!r}
 P - 4 scrolls of enchant weapon
Potions
 d - 5 potions of might
 n - 7 potions of brilliance
 p - 20 potions of curing {@q1}
 u - 3 potions of resistance
 v - a potion of magic
 w - 5 potions of mutation {!q}
 x - 3 potions of cancellation
 N - a potion of haste {@q3}
 S - 4 potions of attraction {!q}
 V - 9 potions of ambrosia
Miscellaneous
 y - a lightning rod (4/4)
   (You found it on level 2 of the Snake Pit)
 E - a tin of tremorstones (2/2) {throwing}
   (You found it on level 3 of the Snake Pit)
 F - a condenser vane
   (You found it on level 9 of the Dungeon)

Dungeon Overview and Level Annotations

Branches:
Dungeon (14/15)            Temple (1/1) D:5            Lair (6/6) D:11
 Shoals (4/4) Lair:4        Snake (4/4) Lair:3        Slime (0/5) Lair:6
    Orc (2/2) D:12            Elf (3/3) Orc:2        Vaults (4/5) D:14
  Crypt (0/3) Vaults:3      Sewer (visited)         Ossuary (visited)

Altars:
Ashenzari
Cheibriados
Dithmenos
Elyvilon
Fedhas
Gozag
Hepliaklqana
Kikubaaqudgha
Makhleb
Nemelex Xobeh
Okawaru
Qazlal
Ru
Sif Muna
Trog
Uskayaw
Vehumet
Wu Jian
Xom
Yredelemnul
Zin
The Shining One

Shops:
D:3 [   D:10 *   D:11 ?   Orc:2 :::[=   Elf:1 *   Elf:2 !   Snake:2 [![
Vaults:2 =   Vaults:3 **[

Annotations:
D:4 1 runed translucent door, boopmooplesden's ghost, amateur MiFi
Lair:6 exclusion: obsidian statue
Snake:1 1 runed translucent door, Emiuta's ghost, adept TeAE ee..e

#13e# #e.e# #+# #3#e#
#.# #.#.# #.# #)#e#
####.## # #ee)#
##.....## #.##)###
#########.....#
#...3ee#
#.ยง@....##...##
####e1e##
##(###.#.##.#.#######
#eee.###.##
#.....###.......
####eee..# #....##
##.##### #######
#.....###.## ##
###.##.#.## #.#
#.....#.## #.#
#.###.#.# #.##.#
#.#.#


You could see a deep elf sorcerer (fast, empowered).


Message History

The deep elf annihilator mumbles some strange words.
The deep elf annihilator blinks! ๐Ÿ˜ฑ HP[+14]
You now have 205 max hp (+1).
You regained 14 hp, and now have 49/205 hp.
You slash the soul eater! You slash the soul eater!
The soul eater hits you but does no damage. ๐Ÿ˜ฑ MP[+1]
You completely miss the soul eater.
The deep elf annihilator casts a spell.
The deep elf annihilator blinks!
The deep elf high priest invokes the aid of its god against you.
Something smites you!
* * * LOW HITPOINT WARNING * * *
๐Ÿ˜ฑ HP[-12]
You take 12 damage, and now have 37/205 hp.
You hit the soul eater.
The soul eater draws from the surrounding life force!
* * * LOW HITPOINT WARNING * * *
The soul eater is healed. ๐Ÿ˜ฑ HP[-7] MP[-1]
You take 7 damage, and now have 30/205 hp.
You lost 1 mp, and now have 0/32 mp.
You slash the soul eater!
The deep elf annihilator gestures wildly while chanting.
The deep elf annihilator blinks!
You barely miss the soul eater. The soul eater closely misses you.
The deep elf annihilator gestures wildly while chanting.
The deep elf annihilator blinks!
You feel much better. ๐Ÿ˜จ HP[+28]
You regained 28 hp, and now have 58/205 hp.
You feel very mighty all of a sudden.
The soul eater hits you but does no damage.
You hit the soul eater.
The soul eater draws from the surrounding life force!
* * * LOW HITPOINT WARNING * * *
The soul eater is healed. ๐Ÿ˜ฑ HP[-19]
You take 19 damage, and now have 39/205 hp.
You slash the soul eater! ๐Ÿ˜ฑ MP[+1]
You barely miss the soul eater.
The deep elf high priest prays to its god.
The deep elf high priest begins emitting a brilliant aura!
The deep elf annihilator is empowered by the deep elf high priest's aura! x2
The deep elf sorcerer is empowered by the deep elf high priest's aura!
The deep elf annihilator is empowered by the deep elf high priest's aura!
The deep elf sorcerer is empowered by the deep elf high priest's aura!
The deep elf demonologist is empowered by the deep elf high priest's aura!
The deep elf sorcerer is empowered by the deep elf high priest's aura!
The soul eater hits you but does no damage.
You hit the soul eater but do no damage.
The hellwing disappears in a puff of smoke! ๐Ÿ˜ฑ MP[-1]
You lost 1 mp, and now have 0/32 mp.
You slash the soul eater!
The deep elf demonologist mumbles some strange words.
You hit the soul eater but do no damage.
The soul eater hits you.
* * * LOW HITPOINT WARNING * * *
The neqoxec gestures at you.
Something tries to feed on your intellect!
The deep elf annihilator gestures wildly while chanting.
The deep elf annihilator blinks! ๐Ÿ˜ฑ HP[-3]
You take 3 damage, and now have 36/205 hp.
You hit the soul eater.
The deep elf high priest mumbles some strange prayers to its god against you.
Something smites you!
* * * LOW HITPOINT WARNING * * *
๐Ÿ˜ฑ HP[-14]
You take 14 damage, and now have 22/205 hp.
The deep elf demonologist mumbles some strange words.
The deep elf annihilator gestures wildly while chanting.
The deep elf annihilator blinks! ๐Ÿ˜ฑ MP[+1]
Okay, then.
Throw: 47 darts (poison) {throwing}
Press: ? - help, Q - select action, (/) - cycle Shift-Dir - straight line, f - soul eater
Aim: a soul eater (moderately wounded, summoned, haloed, 86% to hit)
You throw a poisoned dart {throwing}.
The poisoned dart {throwing} hits the soul eater!
The soul eater is poisoned.
Throw: 46 darts (poison) {throwing}
Press: ? - help, Q - select action, (/) - cycle Shift-Dir - straight line, f/p - soul eater
Aim: a soul eater (heavily wounded, summoned, very poisoned, haloed, 86% to hit)
You throw a poisoned dart {throwing}.
The poisoned dart {throwing} hits the soul eater.
You stride towards the soul eater!
You slice the soul eater!!
The soul eater completely misses you. ๐Ÿ˜ฑ MP[-1]
You lost 1 mp, and now have 0/32 mp.
You slice the soul eater!!
You kill the soul eater!
The soul eater disappears in a puff of smoke!
The deep elf sorcerer gestures at you while chanting.
The bolt of acid hits you!!
You die...

Skill      XL: |  1  2  3  4  5  6  7  8  9 10 11 12 13 14 15 16 17 18 19 20 21 22 |
---------------+-------------------------------------------------------------------+-----
Axes           | 3 4 5 7 8 10 11 | 11.1
Fighting       | 4 5 6 7 8 9 10 11 12 14 16 17 19 20 22 24 25 | 25.3
Armour         | 4 5 6 7 8 9 10 11 13 15 16 18 20 21 22 | 22.9
Shields        | 4 5 6 |  6.8
Stealth        | 1 2 4 |  4.2
Long Blades    | 4 6 8 10 13 14 | 14.8
Maces & Flails | 5 8 11 | 11.9
Throwing       | 1 2 |  2.9
Dodging        | 1 2 4 5 |  5.1
Polearms       | 7 10 12 14 | 14.9
Invocations    | 4 8 11 13 14 | 14.5

Action                   |  1- 3 |  4- 6 |  7- 9 | 10-12 | 13-15 | 16-18 | 19-21 | 22-24 || total
-------------------------+-------+-------+-------+-------+-------+-------+-------+-------++-------
Melee: War axe           |    97 |   149 |   263 |       |       |       |       |       ||   509
       Dire flail        |       |       |   197 |   485 |    46 |       |       |       ||   728
       Scimitar          |       |       |    32 |   135 |   357 |       |  1152 |   448 ||  2124
       Morningstar       |       |       |    19 |       |       |       |       |       ||    19
       Trident           |       |       |       |     2 |       |       |       |       ||     2
       Punch             |       |       |       |     1 |    13 |       |       |       ||    14
       Spear             |       |       |       |       |  1309 |  2422 |  1141 |       ||  4872
Throw: Dart              |       |       |     5 |    51 |    26 |    23 |    10 |     2 ||   117
Invok: Lesser Servant of |       |       |       |       |       |     1 |       |       ||     1
       Greater Servant o |       |       |       |       |       |       |       |     3 ||     3
       Major Destruction |       |       |       |       |       |       |       |     1 ||     1
Evoke: Lightning rod     |       |       |       |       |       |    10 |    10 |       ||    20
       Tin of tremorston |       |       |       |       |       |     2 |     2 |       ||     4
       Condenser vane    |       |       |       |       |       |     1 |     2 |       ||     3
       Wand              |       |       |       |       |       |     8 |     4 |       ||    12
  Use: Scroll            |       |       |       |    25 |    12 |     3 |     6 |       ||    46
       Potion            |       |       |       |     2 |       |     5 |     8 |     5 ||    20
 Stab: Fleeing           |       |       |       |       |       |     1 |       |       ||     1
       Paralysed         |       |       |       |       |       |    13 |       |       ||    13
       Distracted        |       |       |       |       |       |       |       |     2 ||     2
Armor: Scale mail        |    37 |     2 |       |       |       |       |       |       ||    39
       Chain mail        |       |    71 |     9 |       |       |       |       |       ||    80
       Plate armour      |       |       |   244 |   424 |  1062 |   162 |       |       ||  1892
       Gold dragon scale |       |       |       |       |       |  1195 |  1523 |   253 ||  2971
Dodge: Dodged            |    34 |    38 |   127 |   208 |   672 |   613 |   629 |   126 ||  2447
Block: Buckler           |    15 |    40 |    60 |       |       |       |       |       ||   115
       Reflection        |       |       |     3 |       |       |       |       |       ||     3
       Other             |       |       |    26 |       |       |       |       |       ||    26
       Tower shield      |       |       |       |       |       |       |    94 |       ||    94

Levels and vault maps discovered:
D:1:      scummos_arrival_star, layout_loops_ring,
          amcnicky_mini_corridor_feature
D:2:      layout_basic, hellmonk_ecumenical_altar_zigzags, basic_altar
D:3:      layout_basic, lemuel_blue_sif_altar, serial_curves, eino_curves_04,
          eino_curves_02, eino_curves_03, serial_shops, shop,
          chequers_serial_rivers_room_a, hangedman_decor_points
D:4:      layout_loops_ring, serial_undead, serial_undead_b, serial_undead_b,
          serial_undead_b, serial_undead_e, hellmonk_ghost_happy_afterlife
D:5:      layout_basic, minmay_temple_entry_large_hall,
          cheibrodos_sewer_entry_sluice, chequers_serial_rivers_micro_b,
          uniq_blork_the_orc
D:6:      layout_rooms, nicolae_gozag_cash_rules_everything_around_me,
          uniq_edmund
D:7:      layout_cave_pods, chequers_temple_overflow_statue_of_worship,
          nicolae_overflow_crystal_walls, enter_bailey_6, abandoned_shop
D:8:      layout_loops_cross, mainiacjoe_overflow_24_doors, special_room
          [special_room_orc], enter_ossuary_4
D:9:      layout_irregular_city, minivault_21, grunt_decor_clamped,
          abandoned_shop, hangedman_weighted_door, serial_bayou_lagoon_a
D:10:     nzn_winding_woodlands_three_and_one
          [nzn_winding_woodlands_5x15_lazy_stream,
          nzn_winding_woodlands_5x15_eye,
          nzn_winding_woodlands_5x15_pathside_ponds,
          nzn_winding_woodlands_center_lodge], layout_basic, zin_purify,
          marbit_many_paths
D:11:     layout_basic, minmay_lair_entry_grove, serial_shops,
          nicolae_shop_stone, uniq_nergalle
D:12:     layout_long_grid, erik_orc_3, serial_ice, serial_ice_o, serial_ice_h,
          serial_ice_n, serial_ice_d, serial_ice_l, mumra_transporter_accident
D:13:     layout_layer_cave
D:14:     layout_big_octagon, hangedman_vaults_entry_quadrant_bands,
          chequers_arboretum
Temple:   minmay_temple_bridge_abc
Lair:1:   layout_regular_city
Lair:2:   layout_regular_city, grunt_megastairs_4
Lair:3:   hellmonk_warped_wall, layout_regular_city,
          minmay_snake_entry_guardpost_small, serial_bayou_shore_a,
          grunt_megastairs_2, uniq_urug
Lair:4:   layout_cave_pods, minmay_shoals_entry_lonely_mermaid,
          minmay_stone_trees_small
Lair:5:   layout_cellular_growth, serial_bayou_shore_b
Lair:6:   due_jungle_book, layout_small_grid, minmay_slime_entry_pillars,
          basic_altar, infiniplex_staircase_pool
Shoals:1: layout_shoals, lemuel_centaur_altar, uniq_donald
Shoals:2: layout_shoals, hangedman_feature_mirror
Shoals:3: layout_shoals, regret_index_shoals_crete
Shoals:4: shoals_end_grunt_ice, layout_shoals, serial_shops, bzr_entry_gold
Snake:1:  layout_misc_corridors, ebering_ghost_xom
Snake:2:  layout_onion_interference, minmay_shop_star, grunt_megastairs_1,
          uniq_vashnia, uniq_aizul
Snake:3:  layout_layer_cave, guppyfry_library_mini
Snake:4:  snake_pit, layout_misc_corridors, basic_altar, drop_trap,
          grunt_ministairs_3, hangedman_snake_wide_pillar_pass
Orc:1:    layout_diamond_mine
Orc:2:    st_orc_open, layout_caves, serial_shops, nicolae_shop_statue_plus,
          nicolae_orc_stony_grotto
Elf:1:    layout_onion_city, serial_shops, shop_fountains,
          gammafunk_ghost_tricky_traps, minivault_28
Elf:2:    nicolae_elf_blades_crystal_corner, layout_gridlike, serial_shops,
          shop, special_room [special_room_orc]
Elf:3:    grunt_elf_hall_branching, layout_loops_corners
Vaults:1: v_misc_11, v_pattern_1, vaults_dpeg_ring, hangedman_vaults_river_flow,
          v_misc_1, grunt_vaults_diagonal, vaults_standard_mumra_x,
          ontoclasm_vaults_chip, grunt_vaults_hallway_long,
          layout_vaults_big_room
Vaults:2: vaults_mumra_chevron_long, v_misc_26, hangedman_vaults_corner_blocks,
          nicolae_vaults_asterisk, ontoclasm_vaults_ligature,
          vaults_dpeg_spiral, v_misc_24, nicolae_vaults_specimen_jars,
          vaults_room_hangedman_quadrants, v_pattern_2,
          nicolae_vaults_network_periphery, v_alt_pattern_5,
          hangedman_vaults_restitches, layout_vaults_omnibox, serial_shops,
          nicolae_shop_advertising_works [nicolae_subvault_shop_adworks]
Vaults:3: kennysheep_vaults_gozag_temple, minmay_crypt_entry_necro_gods,
          vaults_room_grunt_arrival_checkpoint, vaults_dpeg_cross, v_misc_3,
          vaults_mumra_hex, layout_vaults_omnigrid, uniq_margery
Vaults:4: nicolae_vaults_ring_of_whatevers, vaults_room_guarded_vault,
          ontoclasm_vaults_gateway, nicolae_vaults_network_quinsquares
          [nicolae_vaults_network_quincunx_subvault,
          nicolae_vaults_network_quincunx_subvault,
          nicolae_vaults_network_quincunx_subvault,
          nicolae_vaults_network_quincunx_subvault], hangedman_vaults_trim,
          nicolae_vaults_puzzle_piece, nicolae_vaults_little_squares_1,
          nicolae_vaults_circle_grid_b, v_misc_14,
          ontoclasm_vaults_claustrophobia, hangedman_vaults_pinch,
          vaults_room_grid, ontoclasm_vaults_loading_screen,
          grunt_vaults_hallway_short, layout_vaults_big_cross

Notes
Turn   | Place    | Note
-------+----------+-------------------------------------------
     0 | D:1      | mortz the Hill Orc Fighter began the quest for the Orb.
     0 | D:1      | Reached XP level 1. HP: 19/19 MP: 1/1
     0 | D:1      | magus.rc [v1.9.6]
   150 | D:1      | Reached XP level 2. HP: 20/27 MP: 2/2
   453 | D:1      | Reached skill level 3 in Axes
   638 | D:1      | Reached XP level 3. HP: 27/33 MP: 3/3
   933 | D:1      | Reached skill level 4 in Fighting
  1582 | D:2      | Found a shimmering blue altar of Sif Muna.
  1604 | D:2      | Reached skill level 4 in Axes
  1604 | D:2      | Reached XP level 4. HP: 39/40 MP: 4/4
  1796 | D:2      | Found a faded altar of an unknown god.
  2140 | D:3      | Found Noucvuirr's Armour Shop.
  2608 | D:3      | Found a shimmering blue altar of Sif Muna.
  3195 | D:4      | Noticed boopmooplesden's ghost (amateur MiFi)
  3199 | D:4      | Found a runed translucent door.
  3219 | D:4      | Reached skill level 5 in Axes
  3219 | D:4      | Reached skill level 4 in Armour
  3219 | D:4      | Reached XP level 5. HP: 41/46 MP: 5/5
  3348 | D:4      | Reached skill level 4 in Shields
  3405 | D:4      | Reached XP level 6. HP: 49/53 MP: 6/6
  3482 | D:4      | Reached skill level 6 in Axes
  3485 | D:4      | HP: 13/53 [water moccasin zombie (1)]
  3486 | D:4      | HP: 6/53 [water moccasin zombie (6)]
  3513 | D:4      | HP: 6/53 [centaur zombie (2)]
  3517 | D:5      | Entered Level 5 of the Dungeon
  3835 | D:5      | Found a glowing drain.
  3894 | Sewer    | Entered a sewer
  3949 | Sewer    | Reached skill level 7 in Axes
  4170 | Sewer    | Reached XP level 7. HP: 60/60 MP: 7/7
  4473 | Sewer    | Reached skill level 1 in Stealth
  4722 | Sewer    | Reached skill level 8 in Axes
  4982 | D:4      | Reached skill level 5 in Armour
  4990 | D:4      | Reached skill level 5 in Fighting
  5124 | D:4      | Reached XP level 8. HP: 67/68 MP: 8/8
  5337 | D:4      | Reached skill level 9 in Axes
  5764 | D:5      | Found a staircase to the Ecumenical Temple.
  5773 | Temple   | Entered the Ecumenical Temple
  5968 | Temple   | Became a worshipper of Makhleb the Destroyer
  6293 | D:5      | Noticed Blork the orc
  6299 | D:5      | Killed Blork the orc
  6769 | D:5      | Reached skill level 10 in Axes
  7102 | D:6      | Reached skill level 6 in Fighting
  7244 | D:6      | Reached skill level 6 in Armour
  7459 | D:6      | Reached XP level 9. HP: 69/75 MP: 9/9
  7461 | D:6      | Reached skill level 5 in Shields
  7516 | D:6      | Reached skill level 11 in Axes
  7724 | D:6      | magus.rc [v1.9.6]
  7749 | D:6      | Noticed Edmund
  7765 | D:6      | Killed Edmund
  7766 | D:6      | Reached skill level 1 in Long Blades
  7766 | D:6      | Reached skill level 1 in Maces & Flails
  7854 | D:6      | Found an opulent altar of Gozag.
  7952 | D:7      | Reached skill level 2 in Long Blades
  8213 | D:7      | Reached skill level 3 in Long Blades
  8216 | D:7      | Reached * piety under Makhleb
  8238 | D:7      | Found a snail-covered altar of Cheibriados.
  8239 | D:7      | Found a white marble altar of Elyvilon.
  8239 | D:7      | Found a stormy altar of Qazlal.
  8240 | D:7      | Found a basalt altar of Yredelemnul.
  8513 | D:7      | Found a sacrificial altar of Ru.
  8566 | D:7      | Reached skill level 2 in Maces & Flails
  9035 | D:8      | Reached skill level 7 in Fighting
  9035 | D:8      | Reached skill level 4 in Long Blades
  9035 | D:8      | Reached skill level 3 in Maces & Flails
  9046 | D:8      | Found a sand-covered staircase.
  9060 | Ossuary  | Entered an ossuary
  9174 | Ossuary  | Reached ** piety under Makhleb
  9292 | D:8      | Reached skill level 4 in Maces & Flails
  9474 | D:8      | Noticed a komodo dragon
  9483 | D:8      | Killed a komodo dragon
  9484 | D:8      | Reached skill level 5 in Maces & Flails
  9484 | D:8      | Reached XP level 10. HP: 74/86 MP: 10/10
  9900 | D:8      | Reached *** piety under Makhleb
  9914 | D:8      | magus.rc [v1.9.6]
  9932 | D:8      | Identified a scroll of acquirement
  9942 | D:8      | Acquired the +0 helmet of the Sky {Fly Dex+2}
  9966 | D:8      | Found a broken altar of Ashenzari.
  9972 | D:8      | Reached skill level 6 in Maces & Flails
 10223 | D:9      | Paralysed by a hornet for 1 turns
 10225 | D:9      | Reached skill level 5 in Long Blades
 10225 | D:9      | Reached skill level 7 in Armour
 10382 | D:9      | Reached skill level 7 in Maces & Flails
 10463 | D:9      | You pick up a book of Blood and begin reading...
 10463 | D:9      | You add the spells Sublimation of Blood, Wereblood and
                  | Summon Hydra to your library.
 10865 | D:9      | Reached skill level 8 in Fighting
 11268 | D:10     | Entered Level 10 of the Dungeon
 11311 | D:10     | Found Zin's Purification Station.
 11314 | D:10     | Found a glowing silver altar of Zin.
 11357 | D:10     | Reached skill level 8 in Maces & Flails
 11416 | D:10     | Noticed a two-headed ogre
 11424 | D:10     | Killed a two-headed ogre
 11425 | D:10     | Reached skill level 6 in Long Blades
 11516 | D:10     | You pick up a book of Transfigurations {@e2} and begin
                  | reading...
 11516 | D:10     | You add the spells Irradiate, Blade Hands and Dragon Form
                  | to your library.
 11563 | D:10     | Reached XP level 11. HP: 95/95 MP: 11/11
 11604 | D:10     | Reached skill level 9 in Maces & Flails
 11604 | D:10     | Reached skill level 8 in Armour
 11713 | D:10     | Noticed a two-headed ogre
 11723 | D:10     | Killed a two-headed ogre
 11724 | D:10     | Reached skill level 1 in Throwing
 11847 | D:10     | You pick up a book of the Spheres and begin reading...
 11847 | D:10     | You add the spells Iskenderun's Battlesphere, Fireball,
                  | Conjure Ball Lightning and Orb of Destruction to your
                  | library.
 11948 | D:10     | Found a bloodstained altar of Trog.
 12053 | D:10     | Reached skill level 2 in Stealth
 12059 | D:10     | Reached **** piety under Makhleb
 12073 | D:10     | Reached skill level 7 in Long Blades
 12126 | D:10     | Reached skill level 9 in Fighting
 12436 | D:11     | Noticed Nergalle
 12449 | D:11     | Killed Nergalle
 12450 | D:11     | Reached skill level 10 in Maces & Flails
 12606 | D:11     | Reached skill level 1 in Dodging
 12686 | D:11     | Reached skill level 8 in Long Blades
 12822 | D:11     | Noticed a cyclops
 12838 | D:11     | Killed a cyclops
 12839 | D:11     | Reached skill level 11 in Maces & Flails
 12839 | D:11     | Reached XP level 12. HP: 83/105 MP: 12/12
 12890 | D:11     | You pick up a book of Cantrips and begin reading...
 12890 | D:11     | You add the spells Animate Skeleton, Summon Small Mammal
                  | and Apportation to your library.
 12936 | D:11     | Found a staircase to the Lair.
 12974 | D:11     | Identified the +5 plate armour of Negligence {rC+ Will+
                  | rCorr Stlth-}
 13043 | D:11     | Noticed a two-headed ogre
 13050 | D:11     | Killed a two-headed ogre
 13101 | D:11     | Reached ***** piety under Makhleb
 13102 | D:11     | Reached skill level 2 in Throwing
 13175 | D:11     | Found Reinidu's Magic Scroll Shoppe.
 13179 | D:11     | Bought 2 scrolls of enchant weapon for 225 gold pieces
 13179 | D:11     | Bought a scroll of brand weapon for 300 gold pieces
 13179 | D:11     | Bought a scroll of identify for 30 gold pieces
 13258 | D:11     | Noticed a two-headed ogre
 13270 | D:11     | Killed a two-headed ogre
 13428 | D:11     | Reached skill level 10 in Fighting
 13647 | D:11     | magus.rc [v1.9.6]
 13648 | Lair:1   | Entered Level 1 of the Lair of Beasts
 13801 | Lair:1   | HP: 14/106 [cane toad (15)]
 13892 | Lair:1   | Reached skill level 9 in Armour
 14512 | Lair:2   | Reached skill level 9 in Long Blades
 14654 | Lair:2   | Reached skill level 2 in Dodging
 14696 | Lair:2   | You add the spells Tukima's Dance, Passage of Golubria and
                  | Yara's Violent Unravelling to your library.
 14705 | Lair:2   | You are sucked into a shaft and drop 2 floors!
 14792 | Lair:3   | Noticed a five-headed hydra
 14827 | Lair:4   | Reached skill level 10 in Long Blades
 14976 | Lair:2   | Reached XP level 13. HP: 114/114 MP: 13/13
 15106 | Lair:2   | Reached skill level 11 in Long Blades
 15661 | Lair:2   | Reached skill level 3 in Dodging
 15729 | Lair:3   | Reached skill level 12 in Long Blades
 16138 | Lair:3   | Found a staircase to the Snake Pit.
 16217 | Lair:3   | Reached skill level 11 in Fighting
 16316 | Lair:3   | Noticed Urug
 16329 | Lair:3   | Killed Urug
 16331 | Lair:3   | W - a +4 double sword of freezing {longrare=g}
 16687 | Lair:4   | Reached skill level 13 in Long Blades
 16704 | Lair:4   | Reached ****** piety under Makhleb
 16725 | Lair:4   | You pick up a book of Decay and begin reading...
 16725 | Lair:4   | You add the spells Corpse Rot, Dispel Undead and Death
                  | Channel to your library.
 16735 | Lair:4   | Reached skill level 10 in Armour
 16861 | Lair:4   | Reached skill level 4 in Dodging
 17072 | Lair:4   | Reached XP level 14. HP: 124/124 MP: 14/14
 17104 | Lair:4   | Reached skill level 14 in Long Blades
 17415 | Lair:4   | Found a staircase to the Shoals.
 17787 | Lair:5   | You add the spells Inner Flame, Haunt and Summon Horrible
                  | Things to your library.
 17787 | Lair:5   | Got the Disquisition on Supportive Enchantment
 17802 | Lair:5   | Reached skill level 12 in Fighting
 18044 | Lair:5   | Identified the +10 spear "Tattletale" {vamp, Int+3}
 18618 | Lair:6   | Entered Level 6 of the Lair of Beasts
 18646 | Lair:6   | Reached skill level 1 in Polearms
 18760 | Lair:6   | Reached skill level 2 in Polearms
 18822 | Lair:6   | Found a staircase to the Slime Pits.
 18849 | Lair:6   | Reached skill level 3 in Polearms
 18965 | Lair:6   | Found a blossoming altar of Fedhas.
 18979 | Lair:6   | Reached skill level 4 in Polearms
 19043 | Lair:6   | Reached skill level 11 in Armour
 19496 | Lair:6   | Noticed a dire elephant
 19496 | Lair:6   | Noticed a dire elephant
 19496 | Lair:6   | Noticed a dire elephant
 19497 | Lair:6   | Noticed a dire elephant
 19530 | Lair:6   | Killed a dire elephant
 19531 | Lair:6   | Reached skill level 5 in Polearms
 19746 | Lair:6   | Noticed a dire elephant
 19783 | Lair:6   | Killed a dire elephant
 19784 | Lair:6   | Reached skill level 6 in Polearms
 20113 | Lair:6   | You add the spells Ensorcelled Hibernation, Conjure Flame,
                  | Dazzling Flash and Summon Guardian Golem to your library.
 20113 | Lair:6   | Got the Compendium of Heat and Beguiling
 20163 | Lair:6   | magus.rc [v1.9.6]
 20248 | Lair:6   | Reached skill level 7 in Polearms
 20248 | Lair:6   | Reached XP level 15. HP: 124/134 MP: 15/15
 20565 | Lair:5   | Reached skill level 13 in Fighting
 20796 | Lair:6   | magus.rc [v1.9.6]
 20996 | D:12     | Reached skill level 5 in Dodging
 21016 | D:11     | Reached skill level 8 in Polearms
 21396 | D:12     | Reached skill level 12 in Armour
 21804 | D:12     | Found a staircase to the Orcish Mines.
 22082 | Orc:1    | Entered Level 1 of the Orcish Mines
 22342 | Orc:2    | Entered Level 2 of the Orcish Mines
 22343 | Orc:2    | Found a staircase to the Elven Halls.
 22499 | Orc:2    | Reached skill level 9 in Polearms
 23078 | Orc:2    | Reached skill level 10 in Polearms
 23111 | Orc:2    | Found Wyuroev's Book Emporium.
 23146 | Orc:2    | Found Xuih's Antique Armour Boutique.
 23149 | Orc:2    | Found Topliduo's Jewellery Boutique.
 23154 | Orc:2    | Found Zeseup's Book Shoppe.
 23155 | Orc:2    | Found Retidos's Book Emporium.
 23186 | Orc:2    | Reached skill level 14 in Fighting
 23282 | Orc:2    | Reached skill level 13 in Armour
 24269 | Orc:2    | magus.rc [v1.9.6]
 24269 | Orc:2    | magus.rc [v1.9.6]
 24646 | D:13     | Identified the +6 dagger of the Head {pain, rElec rF+}
 24845 | D:13     | You pick up a book of the Earth and begin reading...
 24845 | D:13     | You add the spells Leda's Liquefaction, Lee's Rapid
                  | Deconstruction and Statue Form to your library.
 25634 | D:14     | Reached XP level 16. HP: 144/147 MP: 16/16
 25771 | D:14     | Reached skill level 11 in Polearms
 25986 | D:14     | Found a gate to the Vaults.
 26097 | D:14     | Found the +3 pair of seven-league boots {Rampage+โˆž}
 26504 | Snake:1  | Entered Level 1 of the Snake Pit
 26670 | Snake:1  | You drop a +4 double sword of freezing {longrare=g}.
 26678 | Snake:1  | W - a +4 double sword of freezing {longrare=g}
 26727 | Snake:1  | Found a runed translucent door.
 26729 | Snake:1  | Found a shimmering altar of Xom.
 26729 | Snake:1  | Noticed Emiuta's ghost (adept TeAE)
 26788 | Snake:1  | Reached skill level 15 in Fighting
 26930 | Snake:1  | Reached skill level 14 in Armour
 26948 | Snake:1  | Reached skill level 12 in Polearms
 26988 | Snake:1  | You are sucked into a shaft and drop 1 floor!
 27000 | Snake:2  | HP: 33/149 [naga/+0 long sword (11)]
 27004 | Snake:2  | Noticed Vashnia
 27005 | Snake:2  | HP: 25/149 [poisoned by a naga (splash of poison)]
 27010 | Snake:1  | HP: 17/149 [poisoned by naga (concentrated venom)]
 27291 | Snake:1  | You pick up a book of Alchemy and begin reading...
 27309 | Snake:1  | magus.rc [v1.9.6]
 27540 | D:3      | Bought the +9 scales of the Dragon King {rPois rF+ rC+
                  | Will+} for 1747 gold pieces
 27540 | D:3      | Found the +9 scales of the Dragon King {rPois rF+ rC+
                  | Will+}
 28271 | Snake:2  | HP: 20/149 [Vashnia/arrow (33)]
 28278 | Snake:2  | HP: 35/149 [Vashnia/arrow (6)]
 28288 | Snake:2  | HP: 27/149 [Vashnia/arrow (22)]
 28289 | Snake:2  | HP: 5/149 [naga sharpshooter/bolt[Vashnia] (22)]
 29384 | Snake:2  | Killed Vashnia
 29385 | Snake:2  | Reached skill level 15 in Armour
 29520 | Snake:2  | Noticed Aizul
 29531 | Snake:2  | Reached skill level 16 in Fighting
 29564 | Snake:2  | Reached XP level 17. HP: 158/158 MP: 17/17
 29592 | Snake:2  | Killed Aizul
 29672 | Snake:2  | Reached skill level 13 in Polearms
 29773 | Snake:2  | Found Zaumocak's Armour Shoppe.
 29890 | Snake:2  | Found Idienajoocsa's Distillery.
 29892 | Snake:2  | Found Oday's Armour Shoppe.
 31129 | Snake:3  | You pick up a book of the Earth and begin reading...
 31141 | Snake:3  | You add the spells Blink, Manifold Assault and Storm Form
                  | to your library.
 31227 | Snake:3  | magus.rc [v1.9.6]
 31299 | Snake:3  | Reached skill level 16 in Armour
 31319 | Snake:3  | Reached skill level 17 in Fighting
 31610 | Snake:4  | Entered Level 4 of the Snake Pit
 32108 | Snake:4  | Found an ancient bone altar of Kikubaaqudgha.
 32236 | Snake:4  | Reached skill level 14 in Polearms
 32792 | Snake:4  | Reached XP level 18. HP: 145/171 MP: 18/18
 32922 | Snake:4  | magus.rc [v1.9.6]
 32930 | Snake:4  | Got a serpentine rune of Zot
 33026 | Snake:4  | Reached skill level 17 in Armour
 33109 | Snake:4  | You pick up a book of Frost and begin reading...
 33109 | Snake:4  | You add the spells Freeze, Frozen Ramparts and Hailstorm to
                  | your library.
 33467 | Snake:4  | Reached skill level 18 in Fighting
 33882 | Shoals:1 | Entered Level 1 of the Shoals
 34169 | Shoals:1 | Noticed Donald
 34209 | Shoals:1 | Killed Donald
 34293 | Shoals:1 | a +1 double sword of flaming {longrare=g}; a +3 plate
                  | armour of poison resistance; a +0 kite shield of reflection
 34293 | Shoals:1 | a +1 double sword of flaming {longrare=g}; a +3 plate
                  | armour of poison resistance; a +0 kite shield of reflection
 34293 | Shoals:1 | Could not pick up a +1 double sword of flaming {longrare=g}
                  | here; ([A]lways) ignore it?
 34293 | Shoals:1 | a +1 double sword of flaming {longrare=g}; a +3 plate
                  | armour of poison resistance; a +0 kite shield of reflection
 34293 | Shoals:1 | Could not pick up a +1 double sword of flaming {longrare=g}
                  | here; ([A]lways) ignore it?
 34293 | Shoals:1 | a +1 double sword of flaming {longrare=g}; a +3 plate
                  | armour of poison resistance; a +0 kite shield of reflection
 34293 | Shoals:1 | Could not pick up a +1 double sword of flaming {longrare=g}
                  | here; ([A]lways) ignore it?
 34293 | Shoals:1 | a +1 double sword of flaming {longrare=g}; a +3 plate
                  | armour of poison resistance; a +0 kite shield of reflection
 34293 | Shoals:1 | Could not pick up a +1 double sword of flaming {longrare=g}
                  | here; ([A]lways) ignore it?
 34293 | Shoals:1 | Could not pick up a +1 double sword of flaming {longrare=g}
                  | here; ([A]lways) ignore it?
 34293 | Shoals:1 | a +1 double sword of flaming {longrare=g}; a +3 plate
                  | armour of poison resistance; a +0 kite shield of reflection
 34293 | Shoals:1 | Could not pick up a +1 double sword of flaming {longrare=g}
                  | here; ([A]lways) ignore it?
 34293 | Shoals:1 | a +1 double sword of flaming {longrare=g}; a +3 plate
                  | armour of poison resistance; a +0 kite shield of reflection
 34293 | Shoals:1 | Could not pick up a +1 double sword of flaming {longrare=g}
                  | here; ([A]lways) ignore it?
 34293 | Shoals:1 | Could not pick up a +1 double sword of flaming {longrare=g}
                  | here; ([A]lways) ignore it?
 34293 | Shoals:1 | a +1 double sword of flaming {longrare=g}; a +3 plate
                  | armour of poison resistance; a +0 kite shield of reflection
 34293 | Shoals:1 | Could not pick up a +1 double sword of flaming {longrare=g}
                  | here; ([A]lways) ignore it?
 34293 | Shoals:1 | a +1 double sword of flaming {longrare=g}; a +3 plate
                  | armour of poison resistance; a +0 kite shield of reflection
 34293 | Shoals:1 | Could not pick up a +1 double sword of flaming {longrare=g}
                  | here; ([A]lways) ignore it?
 34293 | Shoals:1 | a +1 double sword of flaming {longrare=g}; a +3 plate
                  | armour of poison resistance; a +0 kite shield of reflection
 34293 | Shoals:1 | Could not pick up a +1 double sword of flaming {longrare=g}
                  | here; ([A]lways) ignore it?
 34293 | Shoals:1 | Could not pick up a +1 double sword of flaming {longrare=g}
                  | here; ([A]lways) ignore it?
 34293 | Shoals:1 | Could not pick up a +1 double sword of flaming {longrare=g}
                  | here; ([A]lways) ignore it?
 34295 | Shoals:1 | a +1 double sword of flaming {longrare=g}; a +3 plate
                  | armour of poison resistance; a +0 kite shield of reflection
 34295 | Shoals:1 | Could not pick up a +1 double sword of flaming {longrare=g}
                  | here; ([A]lways) ignore it?
 34300 | Shoals:1 | b - a +1 double sword of flaming {longrare=g}
 34320 | Shoals:1 | You pick up a book of the Moon and begin reading...
 34320 | Shoals:1 | You add the spells Silence and Lehudib's Crystal Spear to
                  | your library.
 34532 | Shoals:1 | Found a shadowy altar of Dithmenos.
 35029 | Shoals:2 | Reached skill level 3 in Stealth
 35135 | Shoals:2 | Found an opulent altar of Gozag.
 35159 | Shoals:2 | Identified the +11 hand crossbow of Kaku {speed, Str+4
                  | Int+3 SInv}
 35160 | Shoals:2 | You drop a +1 double sword of flaming {longrare=g}.
 35164 | Shoals:2 | H - a +1 double sword of flaming {longrare=g}
 35217 | Shoals:2 | Reached skill level 1 in Invocations
 35418 | Shoals:2 | Found a shimmering blue altar of Sif Muna.
 35430 | Shoals:2 | Reached skill level 2 in Invocations
 35527 | Shoals:2 | Reached skill level 18 in Armour
 35952 | Shoals:3 | Found a hide-covered altar of Uskayaw.
 35969 | Shoals:3 | Reached skill level 3 in Invocations
 35979 | Shoals:3 | Identified the +3 longbow "Conic" {vorpal, rF++ rCorr}
 36079 | Shoals:3 | You drop a +1 double sword of flaming {longrare=g}.
 36082 | Shoals:3 | H - a +1 double sword of flaming {longrare=g}
 36300 | Shoals:3 | magus.rc [v1.9.6]
 36400 | Shoals:3 | Reached skill level 4 in Invocations
 36418 | Shoals:3 | Identified the +0 leather armour of Esidotoe {Str+4 Int+2
                  | Dex-3}
 36466 | Shoals:3 | Reached skill level 19 in Fighting
 36816 | Shoals:4 | Entered Level 4 of the Shoals
 36888 | Shoals:4 | Identified the +5 hand crossbow of Defenestration {freeze,
                  | Fly rN+}
 36903 | Shoals:4 | magus.rc [v1.9.6]
 36926 | Shoals:4 | Reached skill level 4 in Stealth
 36926 | Shoals:4 | Reached XP level 19. HP: 177/182 MP: 22/22
 36966 | Shoals:4 | Found a flickering gateway to a bazaar.
 37003 | Shoals:4 | Reached skill level 5 in Invocations
 37026 | Bazaar   | Entered a bazaar
 37026 | Bazaar   | Found Ekoiklat's Antique Armour Shoppe.
 37026 | Bazaar   | Found Rikod's Magic Scroll Emporium.
 37028 | Bazaar   | Found Buetyegett's Weapon Shoppe.
 37044 | Bazaar   | Found Geos's Assorted Antiques.
 37048 | Bazaar   | Bought a scroll of magic mapping for 45 gold pieces
 37048 | Bazaar   | Bought a scroll of enchant armour for 97 gold pieces
 37048 | Bazaar   | Bought a scroll of enchant weapon for 97 gold pieces
 37052 | Bazaar   | Bought a potion of heal wounds for 95 gold pieces
 37074 | Shoals:4 | You drop a +1 double sword of flaming {longrare=g}.
 37080 | Shoals:4 | J - a +1 double sword of flaming {longrare=g}
 37081 | Shoals:4 | You drop a +1 double sword of flaming {longrare=g}.
 37082 | Shoals:4 | J - a +1 double sword of flaming {longrare=g}
 37172 | Shoals:4 | Got the Disquisition on Flames
 37377 | Shoals:4 | You pick up a book of Burglary and begin reading...
 37377 | Shoals:4 | You add the spells Passwall and Swiftness to your library.
 37503 | Shoals:4 | HP: 42/183 [merfolk impaler/+0 trident of freezing (4)]
 37508 | Shoals:4 | HP: 41/183 [merfolk impaler/+0 trident of freezing (9)]
 37524 | Shoals:4 | Reached skill level 6 in Invocations
 37534 | Shoals:4 | magus.rc [v1.9.6]
 37560 | Shoals:4 | HP: 40/183 [snapping turtle (17)]
 37560 | Shoals:4 | HP: 17/183 [alligator snapping turtle (23)]
 37571 | Shoals:4 | Reached skill level 19 in Armour
 37665 | Shoals:4 | Got a barnacled rune of Zot
 38577 | Orc:2    | Bought the ring of Darkness {rF+ Will+ Str+3} for 588 gold
                  | pieces
 38689 | Vaults:1 | Entered Level 1 of the Vaults
 39177 | D:14     | Reached skill level 7 in Invocations
 39218 | Vaults:1 | You drop a +1 double sword of flaming {longrare=g}.
 39220 | Vaults:1 | You drop a +4 double sword of freezing {longrare=g}.
 39229 | Vaults:1 | W - a +4 double sword of freezing {longrare=g}
 39229 | Vaults:1 | J - a +1 double sword of flaming {longrare=g}
 39231 | Vaults:1 | You drop a +1 double sword of flaming {longrare=g}.
 39232 | Vaults:1 | You drop a +4 double sword of freezing {longrare=g}.
 39263 | Vaults:1 | W - a +4 double sword of freezing {longrare=g}
 39263 | Vaults:1 | J - a +1 double sword of flaming {longrare=g}
 39493 | Vaults:1 | Reached skill level 20 in Fighting
 39969 | Vaults:1 | HP: 42/185 [yaktaur[a vault warden] (8)]
 39973 | Vaults:1 | HP: 18/185 [yaktaur/bolt[a vault warden] (15)]
 40219 | Vaults:1 | Reached skill level 8 in Invocations
 40536 | Vaults:1 | Reached skill level 20 in Armour
 40565 | Vaults:1 | Reached XP level 20. HP: 195/195 MP: 26/26
 40767 | Vaults:1 | magus.rc [v1.9.6]
 41088 | Snake:2  | Bought a +0 pair of gloves of infusion for 161 gold pieces
 41883 | Vaults:2 | Reached skill level 21 in Fighting
 41883 | Vaults:2 | Reached skill level 9 in Invocations
 43057 | Vaults:2 | Reached skill level 10 in Invocations
 43394 | Vaults:2 | You are sucked into a shaft and drop 1 floor!
 43437 | Vaults:3 | Found a staircase to the Crypt.
 43437 | Vaults:3 | Found a basalt altar of Yredelemnul.
 43438 | Vaults:3 | magus.rc [v1.9.6]
 43580 | Vaults:3 | Found an ancient bone altar of Kikubaaqudgha.
 43751 | Vaults:3 | Reached skill level 22 in Fighting
 44328 | Vaults:3 | Reached skill level 21 in Armour
 44522 | Vaults:3 | Found Gozag's Antique Armour Emporium.
 44591 | Vaults:3 | Found Gozag's Assorted Antiques.
 44596 | Vaults:3 | Found an opulent altar of Gozag.
 44604 | Vaults:3 | Found Gozag's Assorted Antiques.
 44982 | Vaults:3 | You drop a +4 double sword of freezing {longrare=g}.
 45051 | Vaults:3 | W - a +4 double sword of freezing {longrare=g}
 45113 | Vaults:3 | Reached skill level 11 in Invocations
 45261 | Vaults:3 | Reached skill level 6 in Shields
 45261 | Vaults:3 | Reached XP level 21. HP: 172/189 MP: 23/29
 45330 | Vaults:3 | Noticed Margery
 45347 | Vaults:3 | HP: 41/167 [Margery/bolt of fire (5)]
 45348 | Vaults:3 | Killed Margery
 45497 | Vaults:3 | i - +1 shadow dragon scales {rare}
 45861 | Vaults:2 | Found Segibies's Jewellery Shoppe.
 46047 | Vaults:2 | Identified the +7 flail of Forgiveness {vamp, Contam rPois
                  | rF++}
 46071 | Vaults:2 | Identified the +8 hand crossbow "Yryg" {elec, Contam
                  | Will++}
 46079 | Vaults:2 | You pick up a book of the Tundra and begin reading...
 46079 | Vaults:2 | You add the spells Ice Form and Simulacrum to your library.
 46435 | Vaults:4 | You drop a +1 double sword of flaming {longrare=g}.
 46436 | Vaults:4 | J - a +1 double sword of flaming {longrare=g}
 47063 | Vaults:4 | You pick up a book of Callings and begin reading...
 47078 | Vaults:4 | You drop a +4 double sword of freezing {longrare=g}.
 47141 | Vaults:4 | Reached skill level 23 in Fighting
 47278 | Vaults:4 | W - a +4 double sword of freezing {longrare=g}
 47367 | Vaults:4 | HP: 32/193 [orc warlord/+0 war axe (32)]
 47379 | Vaults:4 | HP: 36/193 [ironbound preserver/+0 morningstar (17)]
 47557 | Vaults:4 | Reached skill level 12 in Invocations
 49490 | Elf:1    | Entered Level 1 of the Elven Halls
 49551 | Elf:1    | Found a runed translucent gate.
 49551 | Elf:1    | Found a runed translucent gate.
 49552 | Elf:1    | Found a runed translucent gate.
 49554 | Elf:1    | Noticed Lobster4's ghost (adept TrMo)
 49571 | Elf:1    | Reached skill level 22 in Armour
 49685 | Elf:1    | Paralysed by an air elemental for 1 turns
 49870 | Elf:1    | magus.rc [v1.9.6]
 49941 | Elf:1    | Reached skill level 24 in Fighting
 49941 | Elf:1    | Reached skill level 13 in Invocations
 50052 | Elf:1    | Paralysed by an air elemental for 1 turns
 50078 | Elf:1    | Reached XP level 22. HP: 222/222 MP: 17/31
 50660 | Elf:1    | Paralysed by an air elemental for 1 turns
 50700 | Elf:1    | Found Axzagg's General Store.
 50708 | Elf:1    | magus.rc [v1.9.6]
 50708 | Elf:1    | Bought a scroll of blinking for 97 gold pieces
 50708 | Elf:1    | Bought a scroll of enchant weapon for 97 gold pieces
 51032 | Elf:1    | magus.rc [v1.9.6]
 51036 | Elf:1    | Paralysed by a Zot trap for 2 turns
 51050 | Elf:1    | Killed Lobster4's ghost
 51053 | Elf:1    | Gained mutation: You sometimes lose the ability to read
                  | scrolls when taking damage. [mutagenic glow]
 51073 | Elf:1    | Gained mutation: You do not regenerate when monsters are
                  | visible. [mutagenic glow]
 51088 | Elf:1    | Gained mutation: Armour fits poorly on your strangely
                  | shaped body. [mutagenic glow]
 51136 | Elf:1    | Identified the +2 hat of the Game of Kings {Int+6}
 51368 | Elf:2    | Found Goanus's Distillery.
 51372 | Elf:2    | Identified the +3 leather armour of Liaten {rF+ rC++
                  | Stlth-}
 51384 | Elf:2    | Bought a potion of heal wounds for 60 gold pieces
 51384 | Elf:2    | Bought a potion of curing for 36 gold pieces
 51384 | Elf:2    | Bought a potion of heal wounds for 60 gold pieces
 51384 | Elf:2    | Bought a potion of curing for 36 gold pieces
 51665 | Elf:2    | You pick up a book of Decay and begin reading...
 52175 | Elf:2    | Found a runed translucent gate.
 52176 | Elf:2    | Found a runed translucent gate.
 52176 | Elf:2    | Found a runed translucent gate.
 52237 | Elf:2    | Reached skill level 14 in Invocations
 52469 | Elf:2    | Could not pick up a +1 triple sword of holy wrath
                  | {longrare=g} here; ([A]lways) ignore it?
 52469 | Elf:2    | Could not pick up a +1 triple sword of holy wrath
                  | {longrare=g} here; ([A]lways) ignore it?
 52469 | Elf:2    | Could not pick up a +1 triple sword of holy wrath
                  | {longrare=g} here; ([A]lways) ignore it?
 52469 | Elf:2    | Could not pick up a +1 triple sword of holy wrath
                  | {longrare=g} here; ([A]lways) ignore it?
 52469 | Elf:2    | Could not pick up a +1 triple sword of holy wrath
                  | {longrare=g} here; ([A]lways) ignore it?
 52469 | Elf:2    | Could not pick up a +1 triple sword of holy wrath
                  | {longrare=g} here; ([A]lways) ignore it?
 52469 | Elf:2    | Could not pick up a +1 triple sword of holy wrath
                  | {longrare=g} here; ([A]lways) ignore it?
 52470 | Elf:2    | O - a +1 triple sword of holy wrath {longrare=g}
 52504 | Elf:2    | Reached skill level 25 in Fighting
 52848 | Elf:3    | Entered Level 3 of the Elven Halls
 52854 | Elf:3    | Identified the amulet of Goegau {Faith Str+3 Int+4 Stlth+}
 53029 | Elf:3    | HP: 27/197 [???[a deep elf demonologist] (25)]
 53036 | Elf:3    | HP: 21/197 [ghostly deep elf blademaster/+0 short sword
                  | (17)]
 53043 | Elf:3    | HP: 34/204 [deep elf death mage/vampiric draining (31)]
 53051 | Elf:3    | HP: 37/205 [deep elf high priest/divine providence (12)]
 53057 | Elf:3    | HP: 39/205 [soul eater/drain life[a deep elf demonologist]
                  | (19)]
 53062 | Elf:3    | HP: 36/205 [soul eater[a deep elf demonologist] (3)]
 53073 | Elf:3    | Killed from afar by a deep elf sorcerer

Vanquished Creatures
  Margery (Vaults:3)
  Vashnia (Snake:2)
  The ghost of Lobster4 the Brawler, an adept TrMo of Wu Jian (Elf:1)
  2 deep elf blademasters (Elf:3)
  A deep elf master archer (Elf:3)
  2 sphinxes
  A tengu reaver (Vaults:4)
  Donald (Shoals:1)
  5 nagarajas
  A fire giant (Vaults:4)
  A frost giant (Shoals:4)
  2 orc warlords
  Aizul (Snake:2)
  2 deep elf sorcerers
  16 vault wardens
  17 ironbound preservers
  2 deep elf elementalists (Elf:3)
  7 ironbound thunderhulks
  14 very ugly things
  3 stone giants
  A deep elf demonologist (Elf:3)
  6 deep elf annihilators
  16 dire elephants
  A minotaur (Shoals:3)
  An entropy weaver (Vaults:4)
  4 deep elf death magi
  2 ettins
  A fire dragon (shapeshifter) (D:12)
  5 merfolk javelineers
  6 yaktaur captains
  12 merfolk impalers
  2 deep elf high priests
  14 naga warriors
  A rakshasa (D:14)
  19 vault guards
  2 catoblepae
  2 boulder beetles
  3 salamander tyrants
  2 alligator snapping turtles (Shoals:4)
  3 merfolk avatars
  2 ogre magi
  7 hydras
  16 ironbound frosthearts
  11 centaur warriors
  9 anacondas
  26 dancing weapons
  4 merfolk aquamancers
  2 death yaks
  13 two-headed ogres
  2 tengu warriors (D:14)
  5 orc high priests
  A spectral dire elephant (Lair:6)
  19 naga sharpshooters
  3 satyrs
  Urug (Lair:3)
  10 shock serpents
  Nergalle (D:11)
  4 hell knights (Vaults:3)
  A fire crab (Lair:3)
  19 deep elf knights
  A spectral death yak (Lair:6)
  A skeletal warrior (D:14)
  11 salamander mystics
  37 deep trolls
  7 naga ritualists
  18 deep elf archers
  A flayed ghost (Vaults:4)
  16 sea snakes
  A spectral anaconda (Lair:6)
  6 lindwurms
  11 ironbound convokers
  13 wizards
  5 necromancers
  3 orc knights
  18 harpies
  22 deep elf zephyrmancers
  24 deep elf pyromancers
  15 mana vipers
  2 orc sorcerers
  14 fauns
  8 manticores
  20 salamanders
  A salamander (shapeshifter) (Vaults:1)
  30 ugly things
  31 elephants
  7 vault sentinels
  10 cyclopes
  3 water nymphs
  2 guardian serpents
  8 merfolk sirens
  31 naga magi
  11 cane toads
  3 gargoyles
  2 unseen horrors
  27 black mambas
  A dire elephant skeleton (Lair:6)
  An efreet (D:14)
  7 rime drakes
  10 komodo dragons
  33 yaktaurs
  A tengu conjurer (D:14)
  A meliai (shapeshifter) (D:14)
  27 merfolk
  2 meliai (Shoals:3)
  2 hornets (D:9)
  13 trolls
  4 wind drakes
  45 slime creatures
  24 blink frogs
  13 snapping turtles
  A spectral elephant (Lair:6)
  A shadow (D:10)
  7 dream sheep
  4 air elementals (Elf:1)
  6 wyverns
  A culicivora (shapeshifter) (D:14)
  5 wraiths
  4 fire elementals
  10 basilisks
  11 water elementals
  55 yaks
  3 redbacks (Vaults:4)
  A steam dragon (D:8)
  2 spectral cane toads (Lair:6)
  4 wargs
  4 vampire mosquitoes (D:11)
  Edmund (D:6)
  46 nagas
  2 acid dragons
  24 water moccasins
  A sky beast (D:6)
  29 orc warriors
  2 ice beasts
  An elephant zombie (Lair:6)
  19 ogres
  A boggart (D:14)
  26 wolves
  6 centaurs
  A phantom (D:5)
  2 elephant skeletons (Lair:6)
  Blork the orc (D:5)
  10 bullfrogs
  8 kobold brigands
  4 scorpions
  5 earth elementals
  A gnoll sergeant (D:9)
  5 water moccasin zombies
  A wyvern skeleton (D:7)
  11 killer bees
  13 wights
  5 howler monkeys
  2 electric eels
  6 centaur zombies
  A bullfrog zombie (D:4)
  2 hounds
  21 orc priests
  4 jellies
  2 bullfrog skeletons (D:5)
  7 centaur skeletons
  An iguana (D:4)
  2 scorpion zombies (D:4)
  4 hell rats (Lair:4)
  15 orc wizards
  A killer bee zombie (D:8)
  2 centaur simulacra
  3 hound zombies (D:4)
  3 howler monkey zombies
  2 mummies (Ossuary)
  3 howler monkey skeletons
  9 adders
  5 gnolls (D:9)
  4 river rats (Sewer)
  A shadow imp (D:6)
  3 white imps
  2 ufetubi
  2 adder skeletons (D:4)
  4 adder zombies (Ossuary)
  4 worms
  2 dart slugs (D:1)
  81 orcs
  10 ball pythons
  8 endoplasms
  4 giant cockroaches
  3 gnoll zombies (Ossuary)
  8 goblins
  6 hobgoblins
  4 jackals (D:4)
  44 kobolds
  2 quokkas (D:1)
  4 bats
  3 frilled lizards
  4 hobgoblin zombies (Ossuary)
  7 kobold zombies (Ossuary)
  5 orc zombies (Ossuary)
  A quokka zombie (D:8)
  25 rats
  A rat zombie (D:8)
1625 creatures vanquished.

Vanquished Creatures (collateral kills)
  A merfolk avatar (Shoals:3)
  2 deep elf archers (Elf:1)
  2 orc knights (Elf:2)
  A deep elf pyromancer (Elf:1)
  A meliai (Shoals:3)
  A dream sheep (Shoals:3)
  A fire elemental (Elf:1)
9 creatures vanquished.

Vanquished Creatures (others)
  A naga ritualist (Snake:4)
  An air elemental (Elf:1)
  34 fungi
  77 plants
  38 withered plants
151 creatures vanquished.

Grand Total: 1785 creatures vanquished

Table legend:
 A = Non-vault XP
 B = Vault XP
 C = Vault XP percentage of total XP
 D = Non-vault monster count
 E = Vault monster count
 F = Vault count percentage of total count
                 A         B        C        D         E       F
            +---------+---------+-------+---------+---------+-------
      Total |  402386 |  275810 |  40.7 |    1040 |     595 |  36.4
            +---------+---------+-------+---------+---------+-------
        D:1 |      50 |       0 |   0.0 |      27 |       0 |   0.0
        D:2 |      36 |       0 |   0.0 |      13 |       0 |   0.0
        D:3 |      55 |       0 |   0.0 |      15 |       0 |   0.0
        D:4 |     326 |     485 |  59.8 |      17 |      13 |  43.3
        D:5 |     293 |     111 |  27.5 |       7 |       4 |  36.4
        D:6 |     816 |     162 |  16.6 |      18 |       1 |   5.3
        D:7 |     939 |       0 |   0.0 |      19 |       0 |   0.0
        D:8 |    1427 |     234 |  14.1 |      29 |      22 |  43.1
        D:9 |    2019 |     131 |   6.1 |      27 |       5 |  15.6
       D:10 |    2957 |    3217 |  52.1 |      14 |      14 |  50.0
       D:11 |    7454 |    3413 |  31.4 |      35 |      16 |  31.4
       D:12 |    6926 |    1987 |  22.3 |      23 |      22 |  48.9
       D:13 |    3200 |       0 |   0.0 |      11 |       0 |   0.0
       D:14 |   14631 |    5751 |  28.2 |      30 |      18 |  37.5
     Lair:1 |    1380 |       0 |   0.0 |       6 |       0 |   0.0
     Lair:2 |   10030 |     234 |   2.3 |      29 |       2 |   6.5
     Lair:3 |    5102 |    1273 |  20.0 |      14 |       4 |  22.2
     Lair:4 |   17047 |     828 |   4.6 |      63 |       2 |   3.1
     Lair:5 |    5981 |    2797 |  31.9 |      29 |       3 |   9.4
     Lair:6 |   11195 |   11600 |  50.9 |      37 |      26 |  41.3
   Shoals:1 |   11673 |    1814 |  13.4 |      23 |       5 |  17.9
   Shoals:2 |   14371 |    1303 |   8.3 |      26 |       2 |   7.1
   Shoals:3 |   17223 |    6815 |  28.4 |      35 |      13 |  27.1
   Shoals:4 |   12706 |   23533 |  64.9 |      29 |      36 |  55.4
    Snake:1 |   15338 |       0 |   0.0 |      32 |       0 |   0.0
    Snake:2 |   23579 |    8678 |  26.9 |      45 |       9 |  16.7
    Snake:3 |   23743 |    4203 |  15.0 |      46 |      10 |  17.9
    Snake:4 |   20559 |   22401 |  52.1 |      37 |      34 |  47.9
      Orc:1 |    3532 |    9264 |  72.4 |      40 |      23 |  36.5
      Orc:2 |    4333 |    5464 |  55.8 |      25 |      14 |  35.9
      Elf:1 |   28878 |   12833 |  30.8 |      47 |      22 |  31.9
      Elf:2 |   15728 |   30423 |  65.9 |      27 |      52 |  65.8
      Elf:3 |    1405 |   15046 |  91.5 |       2 |      14 |  87.5
   Vaults:1 |   27948 |   17326 |  38.3 |      46 |      26 |  36.1
   Vaults:2 |   27528 |   30334 |  52.4 |      35 |      39 |  52.7
   Vaults:3 |   19953 |   26801 |  57.3 |      31 |      29 |  48.3
   Vaults:4 |   42025 |   26584 |  38.7 |      51 |      33 |  39.3
      Sewer |       0 |     457 | 100.0 |       0 |      54 | 100.0
    Ossuary |       0 |     308 | 100.0 |       0 |      28 | 100.0
            +---------+---------+-------+---------+---------+-------

Illustrated notes

Table legend:
 A = Kills in this place as a percentage of kills in entire the game.
 B = Kills by you in this place as a percentage of kills by you in the entire game.
 C = Kills by friends in this place as a percentage of kills by friends in the entire game.
 D = Other kills in this place as a percentage of other kills in the entire game.
 E = Experience gained in this place as a percentage of experience gained in the entire game.
 F = Experience gained in this place divided by the number of levels of this place that you have seen.
                   A       B       C       D       E      F
               +-------+-------+-------+-------+-------+----------------------
         Total | 100.0 | 100.0 | 100.0 | 100.0 | 100.0 | 16541.4
       Dungeon |  24.5 |  24.6 |   0.0 |   0.0 |   8.3 | 4044.3
          Lair |  13.1 |  13.2 |   0.0 |   0.0 |   9.9 | 11244.5
        Shoals |  10.3 |  10.2 |  33.3 |   0.0 |  13.2 | 22359.5
     Snake Pit |  13.0 |  13.0 |   0.0 | 100.0 |  17.5 | 29625.2
  Orcish Mines |   6.2 |   6.3 |   0.0 |   0.0 |   3.3 | 11296.5
   Elven Halls |  10.0 |   9.7 |  66.7 |   0.0 |  15.4 | 34771.0
        Vaults |  17.7 |  17.9 |   0.0 |   0.0 |  32.2 | 54624.8
         Sewer |   3.3 |   3.3 |   0.0 |   0.0 |   0.1 | 457.0
       Ossuary |   1.7 |   1.7 |   0.0 |   0.0 |   0.0 | 308.0
               +-------+-------+-------+-------+-------+----------------------

Table legend: (Time is in decaauts)
 A = Elapsed time spent in this place.
 B = Non-inter-level travel time spent in this place.
 C = Inter-level travel time spent in this place.
 D = Time resting spent in this place.
 E = Time spent auto-exploring this place.
 F = Levels seen in this place.
 G = Mean time per level.
                   A        B        C        D        E       F      G
               +--------+--------+--------+--------+--------+-----+--------+
         Total |  50373 |  46041 |   4332 |   3940 |  28676 |  41 | 1228.6 |
       Dungeon |  16055 |  14554 |   1501 |    900 |  10226 |  14 | 1146.8 |
        Temple |    214 |    214 |      0 |      0 |    176 |   1 |  214.0 |
          Lair |   7673 |   6582 |   1091 |    393 |   3906 |   6 | 1278.8 |
        Shoals |   3878 |   3702 |    176 |    144 |   2392 |   4 |  969.5 |
     Snake Pit |   6270 |   5606 |    664 |   1165 |   2424 |   4 | 1567.5 |
  Orcish Mines |   2237 |   1865 |    372 |    327 |    896 |   2 | 1118.5 |
   Elven Halls |   3404 |   3326 |     78 |     83 |   2383 |   3 | 1134.7 |
        Vaults |   9356 |   8909 |    447 |    709 |   5862 |   4 | 2339.0 |
        Bazaar |     34 |     34 |      0 |      0 |     11 |   1 |   34.0 |
         Sewer |   1068 |   1068 |      0 |    219 |    368 |   1 | 1068.0 |
       Ossuary |    179 |    179 |      0 |      0 |     30 |   1 |  179.0 |
               +--------+--------+--------+--------+--------+-----+--------+

Top non-repeatable levels by time:
Vaults:4: 2712 daAuts
Vaults:2: 2527 daAuts
Vaults:3: 2371 daAuts
  Lair:6: 1882 daAuts
 Snake:2: 1873 daAuts
 Snake:3: 1792 daAuts
Vaults:1: 1744 daAuts
   Elf:2: 1622 daAuts
   Elf:1: 1598 daAuts
     D:5: 1469 daAuts
    D:11: 1411 daAuts
     D:7: 1326 daAuts
 Snake:4: 1309 daAuts
 Snake:1: 1294 daAuts
  Lair:4: 1258 daAuts
